Map: 2000 Atmospheres LE

Players

Serral - Winner!

  • Race: Zerg Zerg
  • League: Grandmaster

SortOf

  • Race: Zerg Zerg
  • League: Master

Event: DreamHack SC2 Masters 2021 Summer

VOD

Have the link to the VOD?

Description

Time

  • Played on: May 29, 2021, 12:47 p.m.
  • Length: 7:02

All games in this series

Show
View Real Time Build Order
Export as new Build Order

Serral Zerg - Winner!

Build Orders: Hatch First 

Get SALT Encoding   

  12  0:00  Drone  
  13  0:12  Overlord  
  13  0:16  Drone  
  14  0:30  Drone x2  
  16  0:47  Hatchery  
  15  0:50  Drone  
  15  0:54  Drone  
  17  0:57  Drone  
  18  1:07  Extractor  
  17  1:12  Spawning Pool  
  17  1:15  Drone  
  17  1:19  Drone  
  18  1:27  Drone  
  19  1:38  Drone  
  20  1:49  Drone  
  21  1:59  Queen x2  
  21  2:00  Zergling x2, Overlord  
  26  2:07  Metabolic Boost  
  26  2:09  Drone  
  26  2:10  Drone  
  28  2:20  Drone  
  28  2:22  Drone  
  30  2:31  Zergling x2  
  30  2:34  Hatchery  
  30  2:36  Drone  
  31  2:42  Baneling Nest  
  31  2:43  Drone  
  31  2:48  Overlord  
  31  2:52  Drone  
  31  2:53  Drone  
  33  3:05  Zergling x4  
  35  3:07  Zergling x6  
  35  3:10  Zergling x4  
  35  3:12  Zergling x2  
  41  3:17  Overlord  
  41  3:19  Zergling x2  
  42  3:25  Baneling  
  42  3:26  Baneling  
  42  3:28  Zergling x2  
  42  3:30  Drone  
  44  3:38  Drone x3  
  44  3:40  Zergling x2  
  44  3:41  Drone x3  
  51  3:42  Drone  
  53  3:48  Drone  
  53  3:50  Queen  
  55  4:00  Evolution Chamber  
  54  4:04  Roach Warren  
  54  4:05  Drone x3  
  54  4:07  Extractor, Drone  
  56  4:13  Baneling x2  
  56  4:14  Drone x2  
  58  4:19  Overlord x2  
  58  4:22  Overlord  
  58  4:27  Zerg Missile Weapons Level 1  
  57  4:34  Overlord  
  57  4:39  Overlord  
  57  4:42  Drone x2  
  59  4:46  Extractor, Overlord  
  59  4:48  Drone x2  
  59  4:52  Roach x4  
  68  4:54  Overlord  
  66  5:01  Roach  
  66  5:02  Roach x2  
  71  5:09  Roach x3  
  76  5:16  Roach x2  
  76  5:20  Baneling  
  84  5:28  Roach x2  
  84  5:36  Zergling x18  
  93  5:46  Baneling  
  93  5:50  Zergling x22  
  93  5:52  Zergling x2  
  105  5:59  Baneling  
  105  6:00  Baneling x8  
  105  6:01  Zergling x2  
  105  6:02  Baneling  
  105  6:03  Baneling  
  105  6:05  Zergling x2  
  105  6:08  Zergling x2  
  105  6:09  Overlord  
  107  6:14  Zergling x4  
  108  6:20  Zergling x6  
  108  6:22  Baneling x2  
  104  6:26  Zergling x10  
  104  6:28  Zergling x2  
  104  6:30  Zergling x2  
  104  6:31  Zergling x2  
  104  6:32  Baneling  
  104  6:33  Baneling  
  104  6:37  Zergling x2  
  104  6:38  Zergling x4  
Show
View Real Time Build Order
Export as new Build Order

SortOf Zerg 

Build Orders: Hatch First 

Get SALT Encoding   

  12  0:00  Drone  
  13  0:12  Overlord  
  13  0:17  Drone  
  14  0:30  Drone x2  
  16  0:48  Hatchery  
  15  0:51  Drone  
  15  0:55  Drone  
  17  0:58  Drone  
  18  1:10  Extractor  
  17  1:13  Spawning Pool  
  17  1:17  Drone  
  17  1:20  Drone  
  18  1:28  Drone  
  19  1:39  Drone  
  20  1:49  Drone  
  21  2:00  Queen x2, Overlord  
  25  2:02  Zergling x2  
  26  2:11  Metabolic Boost, Drone x2  
  28  2:22  Drone x2  
  30  2:33  Hatchery  
  30  2:36  Zergling x2  
  30  2:44  Drone  
  30  2:45  Baneling Nest  
  30  2:46  Drone  
  31  2:53  Overlord  
  31  2:55  Drone  
  31  2:56  Drone  
  32  3:06  Drone x2  
  32  3:10  Drone  
  32  3:12  Overlord  
  35  3:13  Drone x2  
  35  3:18  Zergling x6  
  40  3:21  Drone  
  41  3:28  Evolution Chamber  
  41  3:31  Drone x2  
  42  3:39  Baneling  
  42  3:41  Drone x2  
  44  3:44  Zergling x4  
  44  3:47  Zergling x4  
  50  3:51  Extractor  
  50  3:52  Baneling  
  50  3:55  Zerg Melee Weapons Level 1  
  49  3:56  Overlord  
  49  3:57  Zergling x2  
  48  4:07  Overlord  
  48  4:08  Overlord  
  48  4:09  Zergling x6  
  51  4:19  Lair  
  51  4:24  Zergling x4  
  53  4:26  Hatchery  
  51  4:31  Zergling x2  
  51  4:37  Overlord  
  52  4:40  Zergling x2  
  52  4:44  Queen  
  52  4:45  Overlord  
  54  4:46  Extractor  
  54  4:47  Drone x3  
  54  4:51  Extractor  
  54  4:52  Zergling x6  
  58  4:59  Drone  
  59  5:04  Zergling x6  
  60  5:08  Baneling x3  
  60  5:14  Baneling  
  60  5:15  Baneling  
  60  5:17  Drone x3  
  60  5:20  Spire  
  62  5:23  Zergling x4  
  64  5:33  Drone  
  66  5:36  Spine Crawler x2  
  66  5:37  Spine Crawler, Drone  
  66  5:42  Drone  
  64  5:45  Drone x2  
  64  5:46  Spine Crawler  
  64  5:48  Zergling x2  
  64  5:50  Zergling x4  
  64  5:56  Zergling x8  
  68  6:03  Spine Crawler  
  66  6:06  Evolution Chamber  
  63  6:14  Zergling x10  
  64  6:18  Baneling x2  
  64  6:20  Zergling x2  
  64  6:22  Zergling x2  
  64  6:23  Zergling x2  
  64  6:25  Zergling x4  
  65  6:30  Zergling x2  
  56  6:37  Mutalisk  
Tags
 
Add a new tag
Caveats
  • Supply blocks, unpowered buildings, or Contaminate may cause inaccurate times.
  • Supply counts are checked every 10 seconds.